AoeStats
← BobKanec

Hideout

510271033Analyzed
1v1 RM · 1d ago on Sep 30, 2026· 30m 17s· 2 players
Game mode
Random Map
Map size
Tiny (2 player)
Population
200
Speed
Normal
Resources
Standard
Victory
Conquest
Starting age
Dark Age
Ending age
Imperial Age
RankedLock teamsTeams togetherTeam positionsShared explorationLock speedFull tech treeHidden civsTurbo modeCheats
Victory
Defeat
🇨🇿 Huns · Czechia
908
+14
🇪🇸 Malay · Spain
865
-14
BobKanec
11:10 Feudal Age
10:58 Loom
11:56 Double-Bit Axe
11:52 Horse Collar
19:31 Castle Age
18:03 Padded Archer Armor
19:04 Wheelbarrow
19:03 Fletching
19:24 Gold Mining
20:46 Wheelbarrow
20:56 Bow Saw
20:49 Town Watch
22:23 Bodkin Arrow
23:04 Husbandry
24:58 Ballistics
25:40 Bloodlines
26:26 Gold Shaft Mining
28:34 Leather Archer Armor
30:02 Hand Cart
30:07 Town Patrol
McBasil
8:21 Loom
11:11 Feudal Age
12:51 Double-Bit Axe
17:02 Castle Age
16:46 Forging
18:00 Horse Collar
19:23 Man-at-Arms
20:04 Squires
20:48 Long Swordsman
20:48 Pikeman
22:34 Town Watch
25:19 Iron Casting
26:10 Heavy Plow
29:40 Wheelbarrow
29:15 Padded Archer Armor
29:05 Fletching
29:08 Elite Skirmisher
Connection lost

Rejoining the realm…

Still unreachable

The connection could not be restored.

Session expired

The server has moved on; the page needs a fresh start.